 Dungeon Crawl Stone Soup version 0.22.1-1-ga44c0e5 (webtiles) character file.

168 Fang the Chopper (level 5, 0/33 HPs)
             Began as a Gargoyle Berserker on Oct 5, 2018.
             Was a Believer of Trog.
             Killed by divine providence
             ... invoked by an orc priest
              (8 damage)
             ... on level 3 of the Dungeon.
             The game lasted 00:03:02 (2369 turns).

Fang the Chopper (Gargoyle Berserker)               Turns: 2369, Time: 00:03:03

Health: 0/33       AC:  4    Str: 23    XL:     5   Next: 48%
Magic:  5/5        EV: 12    Int:  8    God:    Trog [**....]
Gold:   80         SH:  0    Dex: 12    Spells: 4/4 levels left

rFire    . . .     SeeInvis .   q - +3 hand axe
rCold    . . .     Gourm    .   (no shield)
rNeg     + . .     Faith    .   b - +0 animal skin
rPois    ∞         Spirit   .   m - -4 helmet "Vebierr" {Str+2} (curse)
rElec    +         Reflect  .   (no cloak)
rCorr    .         Harm     .   d - +0 pair of gloves (curse)
MR       .....                  (no boots)
Stlth    +.........             (no amulet)
HPRegen  0.11/turn              n - +3 ring of dexterity
MPRegen  0.09/turn              (no ring)

@: no status effects
A: negative energy resistance 1, electricity resistance, unbreathing,
petrification resistance, rot immunity, AC +4
a: Berserk, Trog's Hand, Renounce Religion


You were on level 3 of the Dungeon.
You worshipped Trog.
Trog was pleased with you.
You were not hungry.

You visited 1 branch of the dungeon, and saw 3 of its levels.

You collected 80 gold pieces.

Inventory:

Hand Weapons
 q - a +3 hand axe (weapon)
Armour
 b - a +0 animal skin (worn)
 d - a cursed +0 pair of gloves (worn)
 m - the cursed -4 helmet "Vebierr" (worn) {Str+2}
   (You took it off Robin on level 2 of the Dungeon)

   It affects your strength (+2).
   It has a curse placed upon it.
Jewellery
 n - a +3 ring of dexterity (left hand)
Scrolls
 e - 5 scrolls of identify {unknown}
 g - a scroll of teleportation {unknown}
 l - a scroll of remove curse {unknown}
Potions
 f - a potion of berserk rage {unknown}
 h - a potion of brilliance {unknown}
 i - a potion of lignification {unknown}
 j - a potion of curing
 k - a potion of degeneration {unknown}
 o - a potion of heal wounds {unknown}
 p - a potion of haste
Comestibles
 c - 3 rations


   Skills:
 + Level 4.1 Fighting
 + Level 4.4 Axes
 + Level 2.3 Armour
 + Level 2.3 Dodging
 + Level 0.9 Stealth


You had 4 spell levels left.
You didn't know any spells.
Your spell library was empty.

Dungeon Overview and Level Annotations

Branches:
Dungeon (3/15)

Altars:
Zin
The Shining One


Innate Abilities, Weirdness & Mutations

You are resistant to torment.
Your stone body is resilient. (AC +4)
You are immune to poison.
You resist negative energy. (rN+)
You are resistant to electric shocks. (rElec)
You can survive without breathing.
You are immune to petrification.
You are immune to rotting.


Message History

You are too injured to fight recklessly!
You hit the orc priest.
The orc priest is heavily wounded.
The orc priest hits you with a trident.
You closely miss the orc priest.
The orc priest is heavily wounded.
The orc priest hits you with a trident.
* * * LOW HITPOINT WARNING * * *
You hit the orc priest but do no damage.
The orc priest is heavily wounded.
The orc priest miscasts a cantrip.
You barely miss the orc priest.
The orc priest is heavily wounded.
The orc priest hits you with a trident.
* * * LOW HITPOINT WARNING * * *
You closely miss the orc priest.
The orc priest is heavily wounded.
The orc priest calls down the wrath of Beogh upon you.
Beogh smites you!
You die...

.# #..# ###.#
####..#### ....#
#=....... #.#.#
#.##..#.. #.#.#
#.##..#.#
#.#.###.##..#.####.
##)....#.##..#.##.♣♣
#.o@................
#.##)....####..#....
# ###.### #..#....
#.# #..##... #.#
#....... #.#
#....†)) #.#
######.# #.# #.# #.#
#.#


You could see an orc priest.

Vanquished Creatures
  Terence (D:2)
  Robin (D:2)
  A gnoll (D:1)
  5 adders
  2 worms (D:2)
  A dart slug (D:2)
  2 leopard geckos
  2 orcs (D:3)
  4 giant cockroaches
  15 goblins
  9 hobgoblins
  5 kobolds
  A quokka (D:3)
  6 bats
  4 frilled lizards
  7 rats
66 creatures vanquished.

Notes
Turn   | Place    | Note
-------+----------+-------------------------------------------
     0 | D:1      | Fang the Gargoyle Berserker began the quest for the Orb.
     0 | D:1      | Reached XP level 1. HP: 14/14 MP: 1/1
   122 | D:1      | Reached XP level 2. HP: 7/19 MP: 2/2
   617 | D:1      | Reached XP level 3. HP: 24/24 MP: 3/3
  1099 | D:2      | Reached ** piety under Trog
  1363 | D:2      | Reached XP level 4. HP: 27/29 MP: 4/4
  1649 | D:2      | Noticed Robin
  1662 | D:2      | Killed Robin
  1678 | D:2      | Got a shimmering helmet
  1684 | D:2      | Identified the cursed -4 helmet "Vebierr" {Str+2} (You took
                  | it off Robin on level 2 of the Dungeon)
  1728 | D:2      | Noticed Terence
  1743 | D:2      | Reached XP level 5. HP: 14/33 MP: 5/5
  1744 | D:2      | Killed Terence
  2191 | D:2      | Found a glowing golden altar of the Shining One.
  2330 | D:3      | Found a glowing silver altar of Zin.
  2369 | D:3      | Killed from afar by an orc priest

Skill      XL: |  1  2  3  4 |
---------------+-------------+-----
Axes           | 3 4 |  4.4
Dodging        | 2 |  2.3
Fighting       | 4 |  4.1
Armour         | |  2.3
Stealth        | |  0.9

Action                   |  1- 3 |  4- 6 || total
-------------------------+-------+-------++-------
Melee: Hand axe          |   102 |   135 ||   237
Invok: Berserk           |     1 |     1 ||     2
 Stab: Sleeping          |     1 |     1 ||     2
  Eat: Chunk             |     2 |     5 ||     7
Armor: Animal skin       |    36 |    51 ||    87
Dodge: Dodged            |    79 |    77 ||   156
